 Dungeon Crawl Stone Soup version 0.27-a0-684-g359e429f13 (webtiles) character file.

Game seed: 10066683077628969289

65 Dreamer the Changer (level 4, -11/28 HPs)
             Began as an Octopode Transmuter on Mar 20, 2021.
             Killed from afar by an orc wizard (13 damage)
             ... with a puff of flame
             ... on level 2 of the Dungeon.
             The game lasted 00:05:29 (2361 turns).

Dreamer the Changer (Octopode Transmuter)           Turns: 2361, Time: 00:05:30

Health: -11/28     AC:  1    Str:  9    XL:     4   Next: 14%
Magic:  7/7        EV: 13    Int: 16    God:
Gold:   81         SH:  0    Dex: 12    Spells: 0/7 levels left

rFire    . . .     SeeInvis .     - Unarmed
rCold    . . .     Faith    .   (no shield)
rNeg     . . .     Spirit   .   (helmet restricted)
rPois    .         Reflect  .   (no amulet)
rElec    .         Harm     .   h - ring of resist corrosion
rCorr    +         Rampage  .   (no ring)
Will     .....                  (no ring)
Stlth    ++........             (no ring)
HPRegen  0.09/turn              (no ring)
MPRegen  0.10/turn              (no ring)
                                (no ring)
                                (no ring)

@: confused
A: almost no armour, amphibious, 8 rings, camouflage 1, gelatinous body 1,
nimble swimmer 1, tentacles
a: no special abilities


You were on level 2 of the Dungeon.
You visited 1 branch of the dungeon, and saw 2 of its levels.

You collected 81 gold pieces.

Inventory:

Jewellery
 h - a ring of resist corrosion (left tentacle)
Scrolls
 b - a scroll of identify {unknown}
 d - a scroll of fog {unknown}
 g - a scroll of torment {unknown}
 k - a scroll of blinking {unknown}
Potions
 a - a potion of berserk rage {unknown}
 c - a potion of mutation {unknown}
 e - a potion of heal wounds {unknown}
 f - a potion of lignification {unknown}
 i - a potion of haste {unknown}
 j - a potion of flight {unknown}


   Skills:
 - Level 1.0 Fighting
 - Level 2.0 Dodging
 - Level 3.0 Unarmed Combat
 - Level 2.0 Spellcasting
 + Level 3.3 Transmutations
 + Level 2.4 Ice Magic


You couldn't memorise any spells.
You knew the following spells:

 Your Spells              Type           Power      Damage    Failure   Level
a - Beastly Appendage     Tmut           24%        N/A       5%          1
b - Wereblood             Tmut           12%        N/A       8%          2
c - Ice Form              Ice/Tmut       10%        N/A       54%         4

Your spell library contained the following spells:

 Spells                   Type           Power      Damage    Failure   Level
 Spider Form              Tmut/Pois      3%         N/A       30%         3
 Blade Hands              Tmut           6%         N/A       82%         5


Dungeon Overview and Level Annotations

Branches:
Dungeon (2/15)

Altars:


Innate Abilities, Weirdness & Mutations

You cannot wear most types of armour.
You are amphibious.
You can wear up to eight rings at the same time.
Your skin changes colour to match your surroundings (Stealth+).
Your rubbery body absorbs attacks. (AC +1, EV +1)
You are stealthy while swimming. (Stealth+)
You have tentacles for arms and can constrict up to eight enemies at once.


Message History

The orc wizard gestures at you while chanting.
The magic dart hits you.
A bat comes into view.
The bat moves out of view.
Things that are here:
a +0 dagger; a goblin skeleton The orc wizard casts a spell at you.
The magic dart hits you!
The orc wizard points at you and mumbles some strange words.
You are confused.
You bump into the rock wall.
You're too confused to move!
The orc wizard points at you and mumbles some strange words.
The magic dart hits you.
You bump into the rock wall.
You feel less confused.
The orc wizard gestures at you while chanting.
You are confused.
There is an open door here.
The orc wizard gestures at you while chanting.
You resist with some effort.
You are too confused!
You bump into the rock wall.
You bump into the rock wall.
You're too confused to move!
The orc wizard points at you and mumbles some strange words.
You resist with some effort.
You're too confused to move!
You feel less confused.
The orc wizard hits you with a +2 dagger of pain.
You writhe in agony.
The orc wizard points at you and mumbles some strange words.
The magic dart hits you!
* * * LOW HITPOINT WARNING * * *
There is an open door here.
The orc wizard gestures at you while chanting.
You are confused.
The orc wizard points at you and mumbles some strange words.
The puff of flame hits you!
You die...

#.........#############.####
###.................# #......
#.....###'##........####......
#.....##..............##......
#.....##.........#....##......
####.....##.........#....##......
)........##.........####.........
###......##.........# #.........
##........)...@...# #.........
####[...............# #.........
..###.###....o......# #.....).##
..# #..#####'######## ##.......#
..# ##.# #.# #<...รท...#
..####)### #.# #........#
...)..)..# #.# #........#
.........# #.# ##.......#
.........###'######## #.......##


You could see an orc wizard.

Vanquished Creatures
  2 adders (D:2)
  A worm (D:2)
  4 dart slugs
  5 bats
  A giant cockroach (D:2)
  7 goblins
  2 hobgoblins (D:2)
  3 jackals (D:1)
  A quokka (D:2)
  6 frilled lizards
  4 kobolds
  2 rats
38 creatures vanquished.

Notes
Turn   | Place    | Note
-------+----------+-------------------------------------------
     0 | D:1      | Dreamer the Octopode Transmuter began the quest for the
                  | Orb.
     0 | D:1      | Reached XP level 1. HP: 13/13 MP: 3/3
   120 | D:1      | Reached skill level 1 in Ice Magic
   120 | D:1      | Reached XP level 2. HP: 5/18 MP: 5/5
  1300 | D:2      | Reached XP level 3. HP: 14/23 MP: 4/6
  2094 | D:2      | Reached XP level 4. HP: 23/28 MP: 7/7
  2265 | D:2      | Learned a level 2 spell: Wereblood
  2270 | D:2      | Learned a level 4 spell: Ice Form
  2361 | D:2      | Killed from afar by an orc wizard

Illustrated notes

Levels and vault maps discovered:
D:1:      elethiomel_arrival_shortcut, layout_basic
D:2:      layout_basic

Skill      XL: |  1  2  3 |
---------------+----------+-----
Ice Magic      | 1 2 |  2.4
Transmutations | 3 |  3.3
Fighting       | |  1.0
Dodging        | |  2.0
Unarmed Combat | |  3.0
Spellcasting   | |  2.0

Action                   |  1- 3 |  4- 6 || total
-------------------------+-------+-------++-------
Melee: Unarmed           |    83 |    10 ||    93
       Constrict         |    22 |     4 ||    26
       Tentacles         |    11 |     2 ||    13
       Punch             |     3 |       ||     3
       Kick              |     2 |     3 ||     5
 Cast: Beastly Appendage |     4 |     3 ||     7
 Stab: Sleeping          |     9 |       ||     9
Armor: Skin              |     2 |     1 ||     3
Dodge: Dodged            |    44 |     4 ||    48

Table legend: (Time is in decaauts)
 A = Elapsed time spent in this place.
 B = Non-inter-level travel time spent in this place.
 C = Inter-level travel time spent in this place.
 D = Time resting spent in this place.
 E = Time spent auto-exploring this place.
 F = Levels seen in this place.
 G = Mean time per level.
                   A        B        C        D        E       F      G
               +--------+--------+--------+--------+--------+-----+--------+
         Total |   2357 |   2313 |     44 |    497 |   1339 |   2 | 1178.5 |
       Dungeon |   2357 |   2313 |     44 |    497 |   1339 |   2 | 1178.5 |
               +--------+--------+--------+--------+--------+-----+--------+

Top non-repeatable levels by time:
     D:1: 1494 daAuts
     D:2: 863 daAuts
